Canadiens vs Flyers
Created - 3 avril 2014 at 19:05
Goals
|
| Canadiens |
0 |
1 |
0 |
1 |
| Flyers |
0 |
2 |
1 |
3 |
|
Shots
|
| Canadiens |
18 |
6 |
15 |
39 |
| Flyers |
9 |
10 |
14 |
33 |
|
1st period
No Goal
Penalties :
Martin St. Louis (Phi) for Hooking (Minor) at 13:22, Mike Lundin (Phi) for Elbowing (Minor) at 17:31
2nd period
1. Flyers , Olli Jokinen 18 (Michael Ryder, Chris Pronger) at 3:14
2. Canadiens , Tomas Plekanec 20 (Marek Svatos, Patrick Marleau) at 5:19 (PP)
3. Flyers , Michael Ryder 22 (Chris Pronger, Olli Jokinen) at 8:43
Penalties :
Jonathan Ericsson (Phi) for Hooking (Minor) at 4:43, Jeff O'Neill (Phi) for Holding (Minor) at 9:28, Alex Tanguay (Phi) for Roughing (Minor) at 17:14
3rd period
4. Flyers , Sydney Crosby 32 (Michael Ryder, Olli Jokinen) at 10:34 (PP)
Penalties :
Tomas Plekanec (Mon) for Slashing (Minor) at 9:44, Martin St. Louis (Phi) for Hooking (Minor) at 11:10, Olli Jokinen (Phi) for Interference (Minor) at 18:04
Goalie Stats
Rick DiPietro (Mon), 30 saves from 33 shots - (0,909), L, 23-25-4, 60:00 minutes
Chris Mason (Phi), 38 saves from 39 shots - (0,974), W, 20-29-9, 60:00 minutes
Players Stats for Canadiens
Player Name G A P +/- PIM S H SB GA TA FO MP PP MP PK MP
------------------------------------------------------------------------------------
Chris Dingman 0 0 0 -1 0 3 0 1 0 0 0/0 11:41 0:35 0:00
Dennis Wideman 0 0 0 0 0 3 0 4 0 0 0/0 19:38 5:09 0:23
Devin Setoguchi 0 0 0 -1 0 2 2 0 0 0 0/0 12:13 0:47 0:20
Jamie Lundmark 0 0 0 0 0 1 0 0 0 0 2/5 10:25 0:47 0:41
Jeff Woywitka 0 0 0 0 0 2 3 0 0 1 0/0 28:19 7:07 0:27
Marek Svatos 0 1 1 -1 0 3 1 0 0 0 1/1 21:07 5:36 0:00
Matt Carle 0 0 0 -2 0 1 0 2 0 0 0/0 12:03 0:10 0:00
Michel Ouellet 0 0 0 0 0 1 1 0 0 1 0/0 9:59 0:32 0:30
Mike Ribeiro 0 0 0 -1 0 1 1 1 0 0 6/11 16:18 4:20 0:00
Mike York 0 0 0 0 0 1 2 0 1 0 0/0 17:03 5:53 0:00
Nicklas Lidstrom 0 0 0 0 0 2 1 2 1 2 0/0 28:19 7:07 0:27
Ossi Vaananen 0 0 0 0 0 2 0 1 0 0 0/0 13:37 0:00 0:23
Patrick Marleau 0 1 1 -1 0 5 3 0 0 1 0/2 21:16 5:36 0:09
Radim Vrbata 0 0 0 0 0 5 1 0 2 0 1/1 17:03 5:53 0:00
Ruslan Fedotenko 0 0 0 0 0 1 1 0 0 0 0/0 9:07 0:10 0:00
Tomas Kloucek 0 0 0 -2 0 0 0 1 0 2 0/0 12:52 0:59 0:00
Tomas Plekanec 1 0 1 -1 2 5 3 0 0 0 13/27 21:06 5:36 0:00
Viktor Kozlov 0 0 0 0 0 1 5 1 0 0 9/15 17:03 5:53 0:00
Players Stats for Flyers
Player Name G A P +/- PIM S H SB GA TA FO MP PP MP PK MP
------------------------------------------------------------------------------------
Alex Tanguay 0 0 0 0 2 6 1 0 0 0 0/2 21:57 0:25 6:10
Blair Betts 0 0 0 0 0 2 0 1 0 0 3/3 9:09 0:00 2:39
Chris Pronger 0 2 2 1 0 2 3 2 0 0 0/0 28:08 0:50 6:43
Cory Sarich 0 0 0 0 0 0 0 1 1 0 0/0 17:15 0:00 5:57
David Vyborny 0 0 0 0 0 2 0 0 1 0 0/0 6:27 0:00 0:00
Jeff O'Neill 0 0 0 0 2 1 2 0 1 0 1/3 10:32 0:00 0:11
Jonathan Ericsson 0 0 0 1 2 0 0 3 0 1 0/0 27:45 0:50 6:21
Justin Williams 0 0 0 0 0 4 0 0 0 0 0/0 10:11 0:00 0:00
Mark Giordano 0 0 0 1 0 0 1 2 0 1 0/0 16:12 0:00 1:21
Martin St. Louis 0 0 0 0 4 1 0 1 0 0 1/2 15:25 0:25 0:00
Michael Ryder 1 2 3 2 0 2 0 0 0 0 0/1 17:39 0:25 2:34
Mike Lundin 0 0 0 1 2 1 0 2 1 1 0/0 20:53 0:00 4:30
Olli Jokinen 1 2 3 2 2 4 0 2 0 0 4/10 17:27 0:25 2:23
Ryane Clowe 0 0 0 2 0 2 4 0 1 0 0/1 16:48 0:25 1:51
Scott Hannan 0 0 0 0 0 0 0 1 0 0 0/0 10:09 0:00 0:00
Scottie Upshall 0 0 0 0 0 2 1 0 0 0 0/0 12:02 0:00 1:51
Steve Regier 0 0 0 0 0 0 1 0 0 0 0/1 6:27 0:00 0:00
Sydney Crosby 1 0 1 0 0 4 2 0 2 1 21/39 23:01 0:25 7:13
3 Stars
1 - Michael Ryder (Phi)
2 - Chris Mason (Phi)
3 - Olli Jokinen (Phi)
Power Play
Canadiens - 1 on 7 Attempt(s) - 14,29%
Flyers - 1 on 1 Attempt(s) - 100,00%
Penalty Kill
Canadiens - 0 on 1 Attempt(s) - 0,00%
- Score 0 goal in Penalty Kill
Flyers - 6 on 7 Attempt(s) - 85,71%
- Score 0 goal in Penalty Kill
Official
Referees : Rooney Chris and Peel Tim
Linesman : Scott Cherrey and Michel Cormier
Game Notes
5:19 of 2nd period - Canadiens goal is going for a video replay. After video review, Goal.
Finance
Level 1 -- Attendance: 5809 (96,82%) -- Ticket Income 493 765 $
Level 2 -- Attendance: 4093 (81,86%) -- Ticket Income 204 650 $
Level 3 -- Attendance: 1818 (90,90%) -- Ticket Income 54 540 $
Level 4 -- Attendance: 2872 (71,80%) -- Ticket Income 57 440 $
Luxury Box -- Attendance: 851 (85,10%) -- Ticket Income 140 415 $
Game was played at the Wells Fargo Center
Total Attendance: 15443 (85,79%)
Total Ticket Income: 950 810 $
Other Income: 142 622 $
Total Income: 1 093 432 $
Canadiens
5 vs 5 Forward
Center Left Wing Right Wing Time % Phy DF OF
1 Tomas Plekanec Patrick Marleau Marek Svatos 40 1 2 2
2 Viktor Kozlov Mike York Radim Vrbata 30 1 2 2
3 Mike Ribeiro Chris Dingman Devin Setoguchi 20 1 2 2
4 Jamie Lundmark Ruslan Fedotenko Michel Ouellet 10 1 2 2
5 vs 5 Defense
Defense Defense Time % Phy DF OF
1 Nicklas Lidstrom Jeff Woywitka 40 1 2 2
2 Dennis Wideman Ossi Vaananen 30 1 2 2
3 Tomas Kloucek Matt Carle 20 1 2 2
4 Nicklas Lidstrom Jeff Woywitka 10 1 2 2
PowerPlay Forward
Center Left Wing Right Wing Time % Phy DF OF
1 Tomas Plekanec Patrick Marleau Marek Svatos 60 1 2 2
2 Viktor Kozlov Mike York Radim Vrbata 40 1 2 2
PowerPlay Defense
Defense Defense Time % Phy DF OF
1 Nicklas Lidstrom Jeff Woywitka 60 1 2 2
2 Dennis Wideman Mike Ribeiro 40 1 2 2
Penalty Kill 4 Players Forward
Center Wing Time % Phy DF OF
1 Jamie Lundmark Michel Ouellet 60 1 2 2
2 Tomas Plekanec Patrick Marleau 40 1 2 2
Penalty Kill 4 Players Defense
Defense Defense Time % Phy DF OF
1 Nicklas Lidstrom Jeff Woywitka 60 1 2 2
2 Dennis Wideman Ossi Vaananen 40 1 2 2
Penalty Kill - 3 Players Forward
Forward Time % Phy DF OF
1 Tomas Plekanec 60 1 2 2
2 Patrick Marleau 40 1 2 2
Penalty Kill - 3 Players Defense
Defense Defense Time % Phy DF OF
1 Nicklas Lidstrom Jeff Woywitka 60 1 2 2
2 Dennis Wideman Ossi Vaananen 40 1 2 2
4 vs 4 Forward
Center Wing Time % Phy DF OF
1 Viktor Kozlov Marek Svatos 60 1 2 2
2 Tomas Plekanec Patrick Marleau 40 1 2 2
4 vs 4 Defense
Defense Defense Time % Phy DF OF
1 Nicklas Lidstrom Jeff Woywitka 60 1 2 2
2 Dennis Wideman Ossi Vaananen 40 1 2 2
Last Minutes Offensive
Center Left Wing Right Wing Defense Defense
Tomas Plekanec Patrick Marleau Marek Svatos Nicklas Lidstrom Jeff Woywitka
Last Minutes Defensive
Center Left Wing Right Wing Defense Defense
Tomas Plekanec Patrick Marleau Marek Svatos Nicklas Lidstrom Jeff Woywitka
Goaltenders
Starting : Rick DiPietro
Backup : Mikael Tellqvist
Extra Forwards
Normal : Mike Ribeiro, Jamie Lundmark, Devin Setoguchi - PP : Devin Setoguchi, Jamie Lundmark - PK : Devin Setoguchi
Extra Defensemen
Normal : Tomas Kloucek, Matt Carle, Dennis Wideman - PP : Tomas Kloucek - PK : Matt Carle, Tomas Kloucek
Penalty Shots
Patrick Marleau, Tomas Plekanec, Viktor Kozlov, Marek Svatos, Mike York
Flyers
5 vs 5 Forward
Center Left Wing Right Wing Time % Phy DF OF
1 Sydney Crosby Alex Tanguay Martin St. Louis 40 1 2 2
2 Olli Jokinen Ryane Clowe Michael Ryder 30 1 2 2
3 Jeff O'Neill Scottie Upshall Justin Williams 20 1 2 2
4 Blair Betts Steve Regier David Vyborny 10 1 3 1
5 vs 5 Defense
Defense Defense Time % Phy DF OF
1 Chris Pronger Jonathan Ericsson 40 1 2 2
2 Mike Lundin Mark Giordano 30 1 2 2
3 Cory Sarich Scott Hannan 20 1 2 2
4 Chris Pronger Jonathan Ericsson 10 1 2 2
PowerPlay Forward
Center Left Wing Right Wing Time % Phy DF OF
1 Sydney Crosby Alex Tanguay Martin St. Louis 60 0 1 4
2 Olli Jokinen Ryane Clowe Michael Ryder 40 0 1 4
PowerPlay Defense
Defense Defense Time % Phy DF OF
1 Chris Pronger Jonathan Ericsson 60 0 1 4
2 Mark Giordano Mike Lundin 40 0 1 4
Penalty Kill 4 Players Forward
Center Wing Time % Phy DF OF
1 Sydney Crosby Alex Tanguay 60 0 4 1
2 Olli Jokinen Michael Ryder 40 0 4 1
Penalty Kill 4 Players Defense
Defense Defense Time % Phy DF OF
1 Chris Pronger Jonathan Ericsson 60 0 4 1
2 Cory Sarich Mike Lundin 40 0 4 1
Penalty Kill - 3 Players Forward
Forward Time % Phy DF OF
1 Sydney Crosby 60 0 4 1
2 Olli Jokinen 40 0 4 1
Penalty Kill - 3 Players Defense
Defense Defense Time % Phy DF OF
1 Chris Pronger Jonathan Ericsson 60 0 4 1
2 Cory Sarich Mike Lundin 40 0 4 1
4 vs 4 Forward
Center Wing Time % Phy DF OF
1 Sydney Crosby Martin St. Louis 60 1 2 2
2 Olli Jokinen Alex Tanguay 40 1 2 2
4 vs 4 Defense
Defense Defense Time % Phy DF OF
1 Chris Pronger Jonathan Ericsson 60 1 2 2
2 Mark Giordano Mike Lundin 40 1 2 2
Last Minutes Offensive
Center Left Wing Right Wing Defense Defense
Sydney Crosby Alex Tanguay Martin St. Louis Chris Pronger Jonathan Ericsson
Last Minutes Defensive
Center Left Wing Right Wing Defense Defense
Sydney Crosby Alex Tanguay Martin St. Louis Cory Sarich Jonathan Ericsson
Goaltenders
Starting : Chris Mason
Backup : Mathieu Garon
Extra Forwards
Normal : Sydney Crosby, Olli Jokinen, Martin St. Louis - PP : Sydney Crosby, Olli Jokinen - PK : Sydney Crosby
Extra Defensemen
Normal : Chris Pronger, Jonathan Ericsson, Mike Lundin - PP : Chris Pronger - PK : Jonathan Ericsson, Cory Sarich
Penalty Shots
Sydney Crosby, Olli Jokinen, Martin St. Louis, Alex Tanguay, Michael Ryder
% Time on Ice - Canadiens
Lines # - Real PCT - Wanted PCT - Time Play
Normal Forward
1 - 33% - 40% - 15:31
2 - 24% - 30% - 11:10
3 - 24% - 20% - 11:06
4 - 19% - 10% - 8:57
Normal Defense
1 - 42% - 40% - 19:31
2 - 30% - 30% - 14:06
3 - 25% - 20% - 11:53
4 - 3% - 10% - 1:14
PP Forward
1 - 45% - 60% - 5:36
2 - 55% - 40% - 6:50
PP Defense
1 - 57% - 60% - 7:07
2 - 43% - 40% - 5:19
PK Forward
1 - 82% - 60% - 0:41
2 - 18% - 40% - 0:09
PK Defense
1 - 54% - 60% - 0:27
2 - 46% - 40% - 0:23
PK3 Forward
1 - 0% - 60%
2 - 0% - 40%
PK3 Defense
1 - 0% - 60%
2 - 0% - 40%
44 Forward
1 - 0% - 60%
2 - 0% - 40%
44 Defense
1 - 0% - 60%
2 - 0% - 40%
Last Minute Offensive - 0:00
Last Minute Defensive - 0:00
Total
Forward - 60:00
Defense - 60:00
|
% Time on Ice - Flyers
Lines # - Real PCT - Wanted PCT - Time Play
Normal Forward
1 - 33% - 40% - 15:26
2 - 31% - 30% - 14:40
3 - 22% - 20% - 10:11
4 - 14% - 10% - 6:27
Normal Defense
1 - 41% - 40% - 19:08
2 - 34% - 30% - 16:00
3 - 22% - 20% - 10:09
4 - 3% - 10% - 1:27
PP Forward
1 - 50% - 60% - 0:25
2 - 50% - 40% - 0:25
PP Defense
1 - 100% - 60% - 0:50
2 - 0% - 40% - 0:00
PK Forward
1 - 79% - 60% - 9:52
2 - 21% - 40% - 2:34
PK Defense
1 - 58% - 60% - 7:15
2 - 42% - 40% - 5:11
PK3 Forward
1 - 0% - 60%
2 - 0% - 40%
PK3 Defense
1 - 0% - 60%
2 - 0% - 40%
44 Forward
1 - 0% - 60%
2 - 0% - 40%
44 Defense
1 - 0% - 60%
2 - 0% - 40%
Last Minute Offensive - 0:00
Last Minute Defensive - 0:00
Total
Forward - 60:00
Defense - 60:00
|
Play by Play
1st period
0:01 of 1st period - Sydney Crosby wins face-off versus Tomas Plekanec in neutral zone.
0:06 of 1st period - Snap shot by Sydney Crosby.
0:06 of 1st period - Shot Blocked by Nicklas Lidstrom.
0:08 of 1st period - Slapshot by Chris Pronger.
0:08 of 1st period - Deflect By Marek Svatos.
0:08 of 1st period - Stopped by Rick DiPietro with a rebound.
0:10 of 1st period - Wrist shot by Sydney Crosby.
0:10 of 1st period - Stopped by Rick DiPietro with a rebound.
1:21 of 1st period - Snap shot by Jamie Lundmark.
1:21 of 1st period - Shot Misses the Net.
1:32 of 1st period - Off-side.
1:33 of 1st period - Tomas Plekanec wins face-off versus Sydney Crosby in neutral zone.
1:58 of 1st period - Olli Jokinen is hit by Mike York and loses puck.
2:14 of 1st period - Icing by Dennis Wideman.
2:15 of 1st period - Jeff O'Neill wins face-off versus Mike Ribeiro in Canadiens zone.
2:28 of 1st period - Snap shot by Mike Ribeiro.
2:28 of 1st period - Shot Hit the Post.
3:35 of 1st period - Wrist shot by Jamie Lundmark.
3:35 of 1st period - Deflect By Mike Lundin.
3:35 of 1st period - Stopped by Chris Mason without a rebound.
3:36 of 1st period - Sydney Crosby wins face-off versus Viktor Kozlov in Flyers zone.
4:03 of 1st period - Cory Sarich is hit by Patrick Marleau and loses puck.
4:12 of 1st period - Wrist shot by Patrick Marleau.
4:12 of 1st period - Deflect By Marek Svatos.
4:12 of 1st period - Stopped by Chris Mason with a rebound.
4:14 of 1st period - Snap shot by Marek Svatos.
4:14 of 1st period - Deflect By Tomas Plekanec.
4:14 of 1st period - Shot Blocked by Scott Hannan.
4:14 of 1st period - Puck is out of play.
4:15 of 1st period - Mike Ribeiro wins face-off versus Alex Tanguay in Flyers zone.
4:16 of 1st period - Slapshot by Devin Setoguchi.
4:16 of 1st period - Stopped by Chris Mason without a rebound.
4:17 of 1st period - Sydney Crosby wins face-off versus Mike Ribeiro in Flyers zone.
4:17 of 1st period - Sydney Crosby is hit by Devin Setoguchi.
5:30 of 1st period - Backhand shot by Scottie Upshall.
5:30 of 1st period - Shot Blocked by Dennis Wideman.
5:46 of 1st period - Wrist shot by Chris Dingman.
5:46 of 1st period - Stopped by Chris Mason with a rebound.
5:48 of 1st period - Snap shot by Mike Ribeiro.
5:48 of 1st period - Stopped by Chris Mason without a rebound.
5:49 of 1st period - Sydney Crosby wins face-off versus Tomas Plekanec in Flyers zone.
5:58 of 1st period - Snap shot by Tomas Plekanec.
5:58 of 1st period - Stopped by Chris Mason with a rebound.
6:14 of 1st period - Ryane Clowe is hit by Mike York and loses puck.
6:21 of 1st period - Slapshot by Viktor Kozlov.
6:21 of 1st period - Stopped by Chris Mason with a rebound.
6:35 of 1st period - Snap shot by Chris Dingman.
6:35 of 1st period - Shot Blocked by Jonathan Ericsson.
6:43 of 1st period - Wrist shot by David Vyborny.
6:43 of 1st period - Shot Misses the Net.
6:55 of 1st period - Snap shot by Jeff O'Neill.
6:55 of 1st period - Stopped by Rick DiPietro with a rebound.
7:44 of 1st period - Snap shot by Olli Jokinen.
7:44 of 1st period - Shot Blocked by Viktor Kozlov.
7:46 of 1st period - Backhand shot by Ryane Clowe.
7:46 of 1st period - Stopped by Rick DiPietro with a rebound.
8:27 of 1st period - Wrist shot by Justin Williams.
8:27 of 1st period - Stopped by Rick DiPietro with a rebound.
8:38 of 1st period - Icing by Nicklas Lidstrom.
8:39 of 1st period - Martin St. Louis wins face-off versus Jamie Lundmark in Canadiens zone.
8:46 of 1st period - Snap shot by Martin St. Louis.
8:46 of 1st period - Stopped by Rick DiPietro with a rebound.
9:34 of 1st period - Wrist shot by Blair Betts.
9:34 of 1st period - Deflect By David Vyborny.
9:34 of 1st period - Stopped by Rick DiPietro with a rebound.
9:36 of 1st period - Slapshot by Mike Lundin.
9:36 of 1st period - Deflect By Jeff Woywitka.
9:36 of 1st period - Stopped by Rick DiPietro without a rebound.
9:37 of 1st period - Blair Betts wins face-off versus Patrick Marleau in Canadiens zone.
9:52 of 1st period - Wrist shot by Blair Betts.
9:52 of 1st period - Shot Misses the Net.
11:29 of 1st period - Icing by Jonathan Ericsson.
11:30 of 1st period - Tomas Plekanec wins face-off versus Olli Jokinen in Flyers zone.
11:31 of 1st period - Snap shot by Marek Svatos.
11:31 of 1st period - Shot Blocked by Olli Jokinen.
11:33 of 1st period - Slapshot by Ossi Vaananen.
11:33 of 1st period - Stopped by Chris Mason with a rebound.
11:41 of 1st period - Wrist shot by Patrick Marleau.
11:41 of 1st period - Deflect By Tomas Plekanec.
11:41 of 1st period - Shot Misses the Net.
11:41 of 1st period - Puck is out of play.
11:42 of 1st period - Tomas Plekanec wins face-off versus Sydney Crosby in Flyers zone.
11:43 of 1st period - Wrist shot by Patrick Marleau.
11:43 of 1st period - Stopped by Chris Mason with a rebound.
11:47 of 1st period - Wrist shot by Tomas Plekanec.
11:47 of 1st period - Deflect By Patrick Marleau.
11:47 of 1st period - Stopped by Chris Mason with a rebound.
11:51 of 1st period - Snap shot by Tomas Plekanec.
11:51 of 1st period - Shot Misses the Net.
12:39 of 1st period - Snap shot by Tomas Plekanec.
12:39 of 1st period - Shot Misses the Net.
12:45 of 1st period - Michael Ryder is hit by Marek Svatos and loses puck.
12:52 of 1st period - Patrick Marleau is hit by Ryane Clowe and loses puck.
13:01 of 1st period - Backhand shot by Marek Svatos.
13:01 of 1st period - Shot Misses the Net.
13:03 of 1st period - Slapshot by Matt Carle.
13:03 of 1st period - Shot Misses the Net.
13:05 of 1st period - Snap shot by Tomas Plekanec.
13:05 of 1st period - Shot Blocked by Olli Jokinen.
13:07 of 1st period - Slapshot by Matt Carle.
13:07 of 1st period - Deflect By Mike Lundin.
13:07 of 1st period - Stopped by Chris Mason with a rebound.
13:09 of 1st period - Backhand shot by Marek Svatos.
13:09 of 1st period - Shot Misses the Net.
13:11 of 1st period - Slapshot by Patrick Marleau.
13:11 of 1st period - Stopped by Chris Mason without a rebound.
13:12 of 1st period - Viktor Kozlov wins face-off versus Martin St. Louis in Flyers zone.
13:15 of 1st period - Wrist shot by Radim Vrbata.
13:15 of 1st period - Stopped by Chris Mason without a rebound.
13:16 of 1st period - Viktor Kozlov wins face-off versus Sydney Crosby in Flyers zone.
13:22 of 1st period - Minor Penalty to Martin St. Louis for Hooking.
13:23 of 1st period - Sydney Crosby wins face-off versus Viktor Kozlov in Flyers zone.
13:31 of 1st period - Chris Pronger is hit by Viktor Kozlov and loses puck.
13:38 of 1st period - Snap shot by Radim Vrbata.
13:38 of 1st period - Stopped by Chris Mason without a rebound.
13:39 of 1st period - Sydney Crosby wins face-off versus Viktor Kozlov in Flyers zone.
13:39 of 1st period - Sydney Crosby is hit by Viktor Kozlov.
14:16 of 1st period - Mike Lundin is hit by Tomas Plekanec.
15:17 of 1st period - Nicklas Lidstrom is hit by Ryane Clowe and loses puck.
15:22 of 1st period - Penalty to Martin St. Louis is over, Martin St. Louis is back on ice.
15:32 of 1st period - Icing by Jeff Woywitka.
15:33 of 1st period - Jamie Lundmark wins face-off versus Jeff O'Neill in Canadiens zone.
16:17 of 1st period - Wrist shot by Justin Williams.
16:17 of 1st period - Stopped by Rick DiPietro without a rebound.
16:18 of 1st period - Viktor Kozlov wins face-off versus Sydney Crosby in Canadiens zone.
16:25 of 1st period - Wrist shot by Viktor Kozlov.
16:25 of 1st period - Shot Misses the Net.
16:27 of 1st period - Snap shot by Mike York.
16:27 of 1st period - Shot Misses the Net.
16:29 of 1st period - Wrist shot by Radim Vrbata.
16:29 of 1st period - Stopped by Chris Mason without a rebound.
16:30 of 1st period - Viktor Kozlov wins face-off versus Sydney Crosby in Flyers zone.
16:33 of 1st period - Snap shot by Radim Vrbata.
16:33 of 1st period - Deflect By Mike York.
16:33 of 1st period - Shot Blocked by Martin St. Louis.
16:33 of 1st period - Puck is out of play.
16:34 of 1st period - Sydney Crosby wins face-off versus Viktor Kozlov in Flyers zone.
17:21 of 1st period - Icing by Ossi Vaananen.
17:22 of 1st period - Mike Ribeiro wins face-off versus Ryane Clowe in Canadiens zone.
17:26 of 1st period - Off-side.
17:27 of 1st period - Tomas Plekanec wins face-off versus Olli Jokinen in neutral zone.
17:31 of 1st period - Minor Penalty to Mike Lundin for Elbowing.
17:32 of 1st period - Tomas Plekanec wins face-off versus Sydney Crosby in Flyers zone.
17:33 of 1st period - Wrist shot by Marek Svatos.
17:33 of 1st period - Shot Misses the Net.
17:35 of 1st period - Wrist shot by Patrick Marleau.
17:35 of 1st period - Stopped by Chris Mason with a rebound.
17:39 of 1st period - Snap shot by Marek Svatos.
17:39 of 1st period - Shot Misses the Net.
17:41 of 1st period - Snap shot by Patrick Marleau.
17:41 of 1st period - Shot Misses the Net.
17:43 of 1st period - Snap shot by Patrick Marleau.
17:43 of 1st period - Deflect By Tomas Plekanec.
17:43 of 1st period - Stopped by Chris Mason with a rebound.
17:45 of 1st period - Wrist shot by Tomas Plekanec.
17:45 of 1st period - Stopped by Chris Mason without a rebound.
17:46 of 1st period - Tomas Plekanec wins face-off versus Sydney Crosby in Flyers zone.
18:46 of 1st period - Icing by Dennis Wideman.
18:47 of 1st period - Viktor Kozlov wins face-off versus Sydney Crosby in Canadiens zone.
19:31 of 1st period - Penalty to Mike Lundin is over, Mike Lundin is back on ice.
19:52 of 1st period - Slapshot by Jonathan Ericsson.
19:52 of 1st period - Shot Blocked by Matt Carle.
19:54 of 1st period - Snap shot by Sydney Crosby.
19:54 of 1st period - Deflect By Mike Lundin.
19:54 of 1st period - Shot Blocked by Tomas Kloucek.
19:54 of 1st period - Puck is out of play.
19:55 of 1st period - Mike Ribeiro wins face-off versus Olli Jokinen in Canadiens zone.
Goals for this period are 0 for Canadiens vs 0 for Flyers.
Shots for this period are 18 for Canadiens vs 9 for Flyers.
2nd period
0:01 of 2nd period - Sydney Crosby wins face-off versus Tomas Plekanec in neutral zone.
0:26 of 2nd period - Nicklas Lidstrom is hit by Ryane Clowe and loses puck.
0:33 of 2nd period - Snap shot by Dennis Wideman.
0:33 of 2nd period - Stopped by Chris Mason without a rebound.
0:34 of 2nd period - Olli Jokinen wins face-off versus Viktor Kozlov in Flyers zone.
1:04 of 2nd period - Martin St. Louis is hit by Jeff Woywitka and loses puck.
1:11 of 2nd period - Snap shot by Sydney Crosby.
1:11 of 2nd period - Stopped by Rick DiPietro with a rebound.
1:28 of 2nd period - Scott Hannan is hit by Jeff Woywitka and loses puck.
1:59 of 2nd period - Slapshot by Scott Hannan.
1:59 of 2nd period - Deflect By Olli Jokinen.
1:59 of 2nd period - Stopped by Rick DiPietro with a rebound.
2:01 of 2nd period - Wrist shot by Ryane Clowe.
2:01 of 2nd period - Stopped by Rick DiPietro with a rebound.
2:42 of 2nd period - Viktor Kozlov is hit by Jeff O'Neill and loses puck.
3:14 of 2nd period - Snap shot by Olli Jokinen.
3:14 of 2nd period - Goal by Olli Jokinen - Canadiens : 0 - Flyers : 1.
3:15 of 2nd period - Tomas Plekanec wins face-off versus Sydney Crosby in neutral zone.
4:29 of 2nd period - Wrist shot by Martin St. Louis.
4:29 of 2nd period - Shot Misses the Net.
4:31 of 2nd period - Slapshot by Mark Giordano.
4:31 of 2nd period - Deflect By Alex Tanguay.
4:31 of 2nd period - Shot Hit the Post.
4:31 of 2nd period - Puck is out of play.
4:32 of 2nd period - Tomas Plekanec wins face-off versus Alex Tanguay in Canadiens zone.
4:32 of 2nd period - Tomas Plekanec is hit by Sydney Crosby.
4:43 of 2nd period - Minor Penalty to Jonathan Ericsson for Hooking.
4:44 of 2nd period - Sydney Crosby wins face-off versus Tomas Plekanec in Flyers zone.
5:08 of 2nd period - Sydney Crosby is hit by Tomas Plekanec and loses puck.
5:17 of 2nd period - Wrist shot by Marek Svatos.
5:17 of 2nd period - Shot Misses the Net.
5:19 of 2nd period - Slapshot by Tomas Plekanec.
5:19 of 2nd period - Canadiens goal is going for a video replay.
5:19 of 2nd period - The goal is good.
5:19 of 2nd period - Goal by Tomas Plekanec - Canadiens : 1 - Flyers : 1.
5:20 of 2nd period - Viktor Kozlov wins face-off versus Olli Jokinen in neutral zone.
5:27 of 2nd period - Wrist shot by Viktor Kozlov.
5:27 of 2nd period - Shot Blocked by Jonathan Ericsson.
5:54 of 2nd period - Slapshot by Sydney Crosby.
5:54 of 2nd period - Shot Misses the Net.
5:56 of 2nd period - Snap shot by Mark Giordano.
5:56 of 2nd period - Shot Misses the Net.
6:06 of 2nd period - Wrist shot by Tomas Plekanec.
6:06 of 2nd period - Shot Hit the Post.
6:08 of 2nd period - Backhand shot by Jeff Woywitka.
6:08 of 2nd period - Shot Misses the Net.
6:10 of 2nd period - Wrist shot by Devin Setoguchi.
6:10 of 2nd period - Stopped by Chris Mason without a rebound.
6:11 of 2nd period - Mike Ribeiro wins face-off versus Michael Ryder in Flyers zone.
6:54 of 2nd period - Mike Ribeiro is hit by Chris Pronger and loses puck.
8:08 of 2nd period - Matt Carle is hit by Ryane Clowe and loses puck.
8:21 of 2nd period - Snap shot by Michael Ryder.
8:21 of 2nd period - Stopped by Rick DiPietro with a rebound.
8:23 of 2nd period - Slapshot by Jonathan Ericsson.
8:23 of 2nd period - Shot Blocked by Matt Carle.
8:41 of 2nd period - Wrist shot by Olli Jokinen.
8:41 of 2nd period - Stopped by Rick DiPietro with a rebound.
8:43 of 2nd period - Slapshot by Chris Pronger.
8:43 of 2nd period - Deflect By Michael Ryder.
8:43 of 2nd period - Goal by Michael Ryder - Canadiens : 1 - Flyers : 2.
8:44 of 2nd period - Sydney Crosby wins face-off versus Tomas Plekanec in neutral zone.
9:28 of 2nd period - Minor Penalty to Jeff O'Neill for Holding.
9:29 of 2nd period - Sydney Crosby wins face-off versus Tomas Plekanec in Flyers zone.
10:05 of 2nd period - Sydney Crosby is hit by Viktor Kozlov.
10:32 of 2nd period - Icing by Dennis Wideman.
10:33 of 2nd period - Viktor Kozlov wins face-off versus Sydney Crosby in Canadiens zone.
10:58 of 2nd period - Mike York is hit by Scottie Upshall.
11:09 of 2nd period - Radim Vrbata is hit by Chris Pronger and loses puck.
11:28 of 2nd period - Penalty to Jeff O'Neill is over, Jeff O'Neill is back on ice.
11:33 of 2nd period - Michael Ryder is hit by Tomas Plekanec and loses puck.
11:44 of 2nd period - Snap shot by Ruslan Fedotenko.
11:44 of 2nd period - Shot Blocked by Mike Lundin.
11:48 of 2nd period - Snap shot by Ruslan Fedotenko.
11:48 of 2nd period - Stopped by Chris Mason without a rebound.
11:49 of 2nd period - Mike Ribeiro wins face-off versus Steve Regier in Flyers zone.
11:50 of 2nd period - Wrist shot by Devin Setoguchi.
11:50 of 2nd period - Shot Blocked by Blair Betts.
12:12 of 2nd period - Scott Hannan is hit by Patrick Marleau and loses puck.
12:39 of 2nd period - Cory Sarich is hit by Michel Ouellet and loses puck.
13:39 of 2nd period - Snap shot by Justin Williams.
13:39 of 2nd period - Stopped by Rick DiPietro with a rebound.
13:41 of 2nd period - Snap shot by Scottie Upshall.
13:41 of 2nd period - Shot Hit the Post.
14:51 of 2nd period - Slapshot by Nicklas Lidstrom.
14:51 of 2nd period - Shot Misses the Net.
15:10 of 2nd period - Snap shot by Patrick Marleau.
15:10 of 2nd period - Stopped by Chris Mason with a rebound.
15:28 of 2nd period - Slapshot by Michael Ryder.
15:28 of 2nd period - Shot Misses the Net.
15:36 of 2nd period - Michael Ryder is hit by Ruslan Fedotenko and loses puck.
15:47 of 2nd period - Wrist shot by Ryane Clowe.
15:47 of 2nd period - Shot Blocked by Ossi Vaananen.
16:02 of 2nd period - Icing by Alex Tanguay.
16:03 of 2nd period - Tomas Plekanec wins face-off versus Sydney Crosby in Flyers zone.
16:28 of 2nd period - Snap shot by Ryane Clowe.
16:28 of 2nd period - Shot Blocked by Dennis Wideman.
16:30 of 2nd period - Snap shot by Olli Jokinen.
16:30 of 2nd period - Stopped by Rick DiPietro without a rebound.
16:31 of 2nd period - Olli Jokinen wins face-off versus Viktor Kozlov in Canadiens zone.
16:45 of 2nd period - Snap shot by Mike York.
16:45 of 2nd period - Shot Blocked by Chris Pronger.
16:47 of 2nd period - Slapshot by Tomas Kloucek.
16:47 of 2nd period - Shot Misses the Net.
17:07 of 2nd period - Snap shot by Radim Vrbata.
17:07 of 2nd period - Shot Blocked by Jonathan Ericsson.
17:09 of 2nd period - Snap shot by Viktor Kozlov.
17:09 of 2nd period - Shot Misses the Net.
17:11 of 2nd period - Wrist shot by Mike York.
17:11 of 2nd period - Stopped by Chris Mason without a rebound.
17:12 of 2nd period - Sydney Crosby wins face-off versus Tomas Plekanec in Flyers zone.
17:14 of 2nd period - Minor Penalty to Alex Tanguay for Roughing.
17:15 of 2nd period - Tomas Plekanec wins face-off versus Sydney Crosby in Flyers zone.
17:23 of 2nd period - Wrist shot by Tomas Plekanec.
17:23 of 2nd period - Shot Misses the Net.
18:31 of 2nd period - Wrist shot by Blair Betts.
18:31 of 2nd period - Stopped by Rick DiPietro with a rebound.
19:14 of 2nd period - Penalty to Alex Tanguay is over, Alex Tanguay is back on ice.
Goals for this period are 1 for Canadiens vs 2 for Flyers.
Shots for this period are 6 for Canadiens vs 10 for Flyers.
3rd period
0:01 of 3rd period - Sydney Crosby wins face-off versus Tomas Plekanec in neutral zone.
0:10 of 3rd period - Wrist shot by Alex Tanguay.
0:10 of 3rd period - Stopped by Rick DiPietro with a rebound.
0:12 of 3rd period - Snap shot by Martin St. Louis.
0:12 of 3rd period - Shot Misses the Net.
0:14 of 3rd period - Wrist shot by Sydney Crosby.
0:14 of 3rd period - Stopped by Rick DiPietro with a rebound.
0:16 of 3rd period - Snap shot by Alex Tanguay.
0:16 of 3rd period - Stopped by Rick DiPietro with a rebound.
0:48 of 3rd period - Cory Sarich is hit by Devin Setoguchi and loses puck.
0:53 of 3rd period - Slapshot by Nicklas Lidstrom.
0:53 of 3rd period - Deflect By Chris Dingman.
0:53 of 3rd period - Stopped by Chris Mason with a rebound.
0:55 of 3rd period - Slapshot by Nicklas Lidstrom.
0:55 of 3rd period - Stopped by Chris Mason with a rebound.
2:10 of 3rd period - Backhand shot by Ossi Vaananen.
2:10 of 3rd period - Stopped by Chris Mason with a rebound.
2:28 of 3rd period - Icing by Dennis Wideman.
2:29 of 3rd period - Sydney Crosby wins face-off versus Mike Ribeiro in Canadiens zone.
2:30 of 3rd period - Snap shot by Alex Tanguay.
2:30 of 3rd period - Shot Blocked by Dennis Wideman.
2:32 of 3rd period - Slapshot by Mark Giordano.
2:32 of 3rd period - Shot Blocked by Chris Dingman.
2:34 of 3rd period - Wrist shot by Martin St. Louis.
2:34 of 3rd period - Shot Blocked by Dennis Wideman.
2:54 of 3rd period - Ossi Vaananen is hit by Mark Giordano and loses puck.
3:21 of 3rd period - Wrist shot by Mike Ribeiro.
3:21 of 3rd period - Shot Blocked by Mark Giordano.
3:23 of 3rd period - Wrist shot by Matt Carle.
3:23 of 3rd period - Deflect By Devin Setoguchi.
3:23 of 3rd period - Shot Blocked by Mark Giordano.
3:23 of 3rd period - Puck is out of play.
3:24 of 3rd period - Sydney Crosby wins face-off versus Tomas Plekanec in Flyers zone.
3:35 of 3rd period - Wrist shot by Martin St. Louis.
3:35 of 3rd period - Shot Hit the Post.
3:37 of 3rd period - Slapshot by Chris Pronger.
3:37 of 3rd period - Shot Misses the Net.
3:39 of 3rd period - Snap shot by Jonathan Ericsson.
3:39 of 3rd period - Shot Misses the Net.
3:57 of 3rd period - Chris Pronger is hit by Viktor Kozlov.
4:19 of 3rd period - Wrist shot by Scottie Upshall.
4:19 of 3rd period - Stopped by Rick DiPietro with a rebound.
4:23 of 3rd period - Snap shot by Justin Williams.
4:23 of 3rd period - Deflect By Scottie Upshall.
4:23 of 3rd period - Stopped by Rick DiPietro with a rebound.
4:33 of 3rd period - Martin St. Louis is hit by Patrick Marleau and loses puck.
4:54 of 3rd period - Mike York is hit by Steve Regier and loses puck.
5:14 of 3rd period - Icing by Steve Regier.
5:15 of 3rd period - Olli Jokinen wins face-off versus Jamie Lundmark in Flyers zone.
5:24 of 3rd period - Wrist shot by Michael Ryder.
5:24 of 3rd period - Shot Misses the Net.
6:04 of 3rd period - Chris Pronger is hit by Radim Vrbata.
6:10 of 3rd period - Snap shot by Viktor Kozlov.
6:10 of 3rd period - Shot Misses the Net.
6:12 of 3rd period - Slapshot by Dennis Wideman.
6:12 of 3rd period - Deflect By Chris Pronger.
6:12 of 3rd period - Stopped by Chris Mason with a rebound.
6:14 of 3rd period - Wrist shot by Dennis Wideman.
6:14 of 3rd period - Shot Blocked by Chris Pronger.
6:16 of 3rd period - Slapshot by Dennis Wideman.
6:16 of 3rd period - Stopped by Chris Mason without a rebound.
6:17 of 3rd period - Sydney Crosby wins face-off versus Mike Ribeiro in Flyers zone.
6:24 of 3rd period - Slapshot by Nicklas Lidstrom.
6:24 of 3rd period - Deflect By Chris Dingman.
6:24 of 3rd period - Stopped by Chris Mason without a rebound.
6:25 of 3rd period - Sydney Crosby wins face-off versus Mike Ribeiro in Flyers zone.
6:36 of 3rd period - Backhand shot by Nicklas Lidstrom.
6:36 of 3rd period - Shot Misses the Net.
6:50 of 3rd period - Alex Tanguay is hit by Viktor Kozlov.
6:56 of 3rd period - Slapshot by Nicklas Lidstrom.
6:56 of 3rd period - Shot Misses the Net.
6:58 of 3rd period - Slapshot by Jeff Woywitka.
6:58 of 3rd period - Stopped by Chris Mason with a rebound.
7:00 of 3rd period - Slapshot by Jeff Woywitka.
7:00 of 3rd period - Shot Misses the Net.
7:19 of 3rd period - Slapshot by Jeff Woywitka.
7:19 of 3rd period - Stopped by Chris Mason with a rebound.
7:31 of 3rd period - Wrist shot by Martin St. Louis.
7:31 of 3rd period - Shot Misses the Net.
7:43 of 3rd period - Snap shot by Tomas Plekanec.
7:43 of 3rd period - Stopped by Chris Mason without a rebound.
7:44 of 3rd period - Radim Vrbata wins face-off versus Olli Jokinen in Flyers zone.
7:55 of 3rd period - Snap shot by Radim Vrbata.
7:55 of 3rd period - Shot Blocked by Cory Sarich.
8:11 of 3rd period - Ossi Vaananen is hit by Jeff O'Neill and loses puck.
8:53 of 3rd period - Snap shot by Justin Williams.
8:53 of 3rd period - Stopped by Rick DiPietro with a rebound.
9:23 of 3rd period - Slapshot by Ruslan Fedotenko.
9:23 of 3rd period - Shot Misses the Net.
9:25 of 3rd period - Snap shot by Michel Ouellet.
9:25 of 3rd period - Stopped by Chris Mason without a rebound.
9:26 of 3rd period - Blair Betts wins face-off versus Tomas Plekanec in Flyers zone.
9:31 of 3rd period - Wrist shot by David Vyborny.
9:31 of 3rd period - Stopped by Rick DiPietro with a rebound.
9:33 of 3rd period - Slapshot by Jonathan Ericsson.
9:33 of 3rd period - Shot Misses the Net.
9:35 of 3rd period - Wrist shot by Blair Betts.
9:35 of 3rd period - Stopped by Rick DiPietro without a rebound.
9:36 of 3rd period - Blair Betts wins face-off versus Tomas Plekanec in Canadiens zone.
9:44 of 3rd period - Minor Penalty to Tomas Plekanec for Slashing.
9:45 of 3rd period - Jamie Lundmark wins face-off versus Sydney Crosby in Canadiens zone.
9:49 of 3rd period - Nicklas Lidstrom is hit by Alex Tanguay and loses puck.
10:10 of 3rd period - Michel Ouellet is hit by Chris Pronger and loses puck.
10:34 of 3rd period - Snap shot by Sydney Crosby.
10:34 of 3rd period - Goal by Sydney Crosby - Canadiens : 1 - Flyers : 3.
10:35 of 3rd period - Sydney Crosby wins face-off versus Tomas Plekanec in neutral zone.
11:10 of 3rd period - Minor Penalty to Martin St. Louis for Hooking.
11:11 of 3rd period - Tomas Plekanec wins face-off versus Sydney Crosby in Flyers zone.
13:10 of 3rd period - Penalty to Martin St. Louis is over, Martin St. Louis is back on ice.
13:48 of 3rd period - Icing by Ruslan Fedotenko.
13:49 of 3rd period - Olli Jokinen wins face-off versus Jamie Lundmark in Canadiens zone.
13:56 of 3rd period - Snap shot by Ryane Clowe.
13:56 of 3rd period - Deflect By Michael Ryder.
13:56 of 3rd period - Shot Misses the Net.
13:56 of 3rd period - Puck is out of play.
13:57 of 3rd period - Tomas Plekanec wins face-off versus Olli Jokinen in Canadiens zone.
14:22 of 3rd period - Martin St. Louis is hit by Nicklas Lidstrom and loses puck.
14:52 of 3rd period - Icing by Mike Ribeiro.
14:53 of 3rd period - Mike Ribeiro wins face-off versus Sydney Crosby in Canadiens zone.
14:58 of 3rd period - Slapshot by Sydney Crosby.
14:58 of 3rd period - Deflect By Martin St. Louis.
14:58 of 3rd period - Shot Blocked by Mike Ribeiro.
14:58 of 3rd period - Puck is out of play.
14:59 of 3rd period - Sydney Crosby wins face-off versus Tomas Plekanec in Canadiens zone.
15:00 of 3rd period - Wrist shot by Alex Tanguay.
15:00 of 3rd period - Stopped by Rick DiPietro without a rebound.
15:01 of 3rd period - Marek Svatos wins face-off versus Sydney Crosby in Canadiens zone.
15:06 of 3rd period - Wrist shot by Alex Tanguay.
15:06 of 3rd period - Stopped by Rick DiPietro without a rebound.
15:07 of 3rd period - Sydney Crosby wins face-off versus Tomas Plekanec in Canadiens zone.
15:12 of 3rd period - Snap shot by Alex Tanguay.
15:12 of 3rd period - Stopped by Rick DiPietro with a rebound.
15:14 of 3rd period - Slapshot by Chris Pronger.
15:14 of 3rd period - Deflect By Marek Svatos.
15:14 of 3rd period - Stopped by Rick DiPietro with a rebound.
15:16 of 3rd period - Snap shot by Martin St. Louis.
15:16 of 3rd period - Shot Blocked by Nicklas Lidstrom.
15:18 of 3rd period - Wrist shot by Alex Tanguay.
15:18 of 3rd period - Stopped by Rick DiPietro without a rebound.
15:19 of 3rd period - Tomas Plekanec wins face-off versus Sydney Crosby in Canadiens zone.
15:48 of 3rd period - Snap shot by Radim Vrbata.
15:48 of 3rd period - Stopped by Chris Mason without a rebound.
15:49 of 3rd period - Viktor Kozlov wins face-off versus Jeff O'Neill in Flyers zone.
16:00 of 3rd period - Snap shot by Radim Vrbata.
16:00 of 3rd period - Stopped by Chris Mason with a rebound.
16:02 of 3rd period - Slapshot by Ossi Vaananen.
16:02 of 3rd period - Shot Misses the Net.
16:04 of 3rd period - Snap shot by Radim Vrbata.
16:04 of 3rd period - Shot Blocked by Mike Lundin.
16:13 of 3rd period - Icing by Mark Giordano.
16:14 of 3rd period - Sydney Crosby wins face-off versus Patrick Marleau in Flyers zone.
16:21 of 3rd period - Tomas Plekanec is hit by Sydney Crosby and loses puck.
17:06 of 3rd period - Olli Jokinen is hit by Jeff Woywitka and loses puck.
17:11 of 3rd period - Snap shot by Patrick Marleau.
17:11 of 3rd period - Shot Misses the Net.
17:13 of 3rd period - Snap shot by Marek Svatos.
17:13 of 3rd period - Stopped by Chris Mason with a rebound.
17:15 of 3rd period - Snap shot by Nicklas Lidstrom.
17:15 of 3rd period - Stopped by Chris Mason with a rebound.
17:55 of 3rd period - Wrist shot by Marek Svatos.
17:55 of 3rd period - Stopped by Chris Mason with a rebound.
18:04 of 3rd period - Minor Penalty to Olli Jokinen for Interference.
18:05 of 3rd period - Viktor Kozlov wins face-off versus Sydney Crosby in Flyers zone.
18:35 of 3rd period - Cory Sarich is hit by Mike Ribeiro and loses puck.
Goals for this period are 0 for Canadiens vs 1 for Flyers.
Shots for this period are 15 for Canadiens vs 14 for Flyers.
Output by the SimonT Hockey Simulator (STHS) for François Prévost -- Original Page W3C XHTML 1.0 Valid